 Dungeon Crawl Stone Soup version 0.28.0-47-ge53b351184 (webtiles) character file.

Game seed: 89719789475734091

137 sanboga the Skirmisher (level 5, 0/33 HPs)
             Began as a Gargoyle Fighter on Apr 29, 2022.
             Was a Follower of Trog.
             Slain by a gnoll
             ... wielding a +0 spear
              (2 damage)
             ... on level 3 of the Dungeon.
             The game lasted 00:02:10 (2595 turns).

sanboga the Skirmisher (Gargoyle Fighter)           Turns: 2595, Time: 00:02:10

Health: 0/33       AC: 12    Str: 21    XL:     5   Next: 20%
Magic:  5/5        EV:  9    Int:  9    God:    Trog [*.....]
Gold:   156        SH:  4    Dex:  9    Spells: 4/4 levels left

rFire   . . .      SeeInvis .   a - +0 war axe
rCold   . . .      Faith    .   c - +0 buckler
rNeg    + . .      Spirit   .   b - +0 scale mail
rPois   ∞          Reflect  .   (no helmet)
rElec   +          Harm     .   f - +0 cloak
rCorr   .          Rampage  .   (no gloves)
Will    .....                   (no boots)
Stlth   ..........              (no amulet)
HPRegen 0.11/turn               l - +4 ring of slaying
MPRegen 0.09/turn               (no ring)

@: no status effects
A: sickness immunity, AC +4, negative energy resistance 1, electricity
resistance, torment resistance 1, petrification resistance
a: Renounce Religion, Berserk


You were on level 3 of the Dungeon.
You worshipped Trog.
Trog was aware of your devotion.
You visited 1 branch of the dungeon, and saw 3 of its levels.

You collected 156 gold pieces.

Inventory:

Hand Weapons
 a - a +0 war axe (weapon)
Armour
 b - a +0 scale mail (worn)
 c - a +0 buckler (worn)
 f - a +0 cloak (worn)
Jewellery
 l - a +4 ring of slaying (left hand)
Scrolls
 e - 3 scrolls of identify {unknown}
 g - a scroll of immolation {unknown}
 h - 3 scrolls of teleportation {unknown}
 i - 2 scrolls of torment {unknown}
 j - a scroll of fog {unknown}
 k - a scroll of amnesia {unknown}
 n - 3 scrolls of fear {unknown}
Potions
 d - a potion of might
 m - a potion of heal wounds {unknown}


   Skills:
 + Level 4.2 Fighting
 + Level 2.8 Axes
 + Level 4.1 Armour
 + Level 4.1 Shields


You had 4 spell levels left.
You didn't know any spells.
Your spell library was empty.

Dungeon Overview and Level Annotations

Branches:
Dungeon (3/15)

Altars:
Trog


Innate Abilities, Weirdness & Mutations

You are immune to sickness and miasma.
Your stone body is resilient. (AC +4)
You are immune to poison.
You resist negative energy. (rN+)
You are resistant to electric shocks. (rElec)
You are resistant to unholy torment.
You are immune to petrification.


Message History

A gnoll and a goblin come into view.
The gnoll shouts!
The goblin shouts!
A gnoll comes into view. It is wielding a +0 spear.
Found a stone staircase leading up.
The gnoll shouts!
You hear a shout!
A gnoll comes into view. It is wielding a +0 spear.
The goblin hits you but does no damage. The gnoll hits you with a +0 flail.
You closely miss the gnoll. You hit the goblin.
The goblin hits you but does no damage. You block the gnoll's attack.
You block the goblin's attack. The gnoll closely misses you.
You closely miss the goblin.
The goblin is heavily wounded.
You slash the gnoll! The gnoll misses you.
The goblin hits you but does no damage.
The gnoll hits you from afar with a +0 spear. x2
The gnoll barely misses you.
You hit the gnoll.
You kill the gnoll!
Trog accepts your kill.
You slash the goblin!
You kill the goblin!
Trog accepts your kill. The gnoll barely misses you.
The gnoll hits you from afar with a +0 spear.
The gnoll hits you with a +0 spear. You block the gnoll's attack.
Things that are here:
a +0 dagger; a goblin corpse You barely miss the gnoll. x2; The gnoll hits you with a +0 spear!
* * * LOW HITPOINT WARNING * * *
The gnoll barely misses you. You block the gnoll's attack.
You are too injured to fight recklessly!
The gnoll hits you from afar with a +0 spear.
* * * LOW HITPOINT WARNING * * *
You block the gnoll's attack. The gnoll hits you but does no damage.
The gnoll barely misses you.
The gnoll hits you from afar with a +0 spear.
* * * LOW HITPOINT WARNING * * *
The gnoll hits you from afar with a +0 spear.
You die...

..##....<.#....#
..####.#....####
................
............#...
..............). ####
.####.......#... #...####
.# #.........#. ....#..
.#######.##[....#<.....#
.#.......##.....@#....###
.#......................
..................g...##
.........#....#.g#....##
..............##.#))>..#
.#........##..##.....#..#
.#......#(......##..###.##
.###...##.##..#.##........
.##....##.................


You could see 2 gnolls.

Vanquished Creatures
  An iguana (D:2)
  4 adders
  A gnoll (D:3)
  A dart slug (D:2)
  3 bats
  8 endoplasms
  A giant cockroach (D:3)
  8 goblins
  3 hobgoblins
  2 jackals (D:2)
  5 kobolds
  3 quokkas
  8 ball pythons
  4 frilled lizards
  9 rats
61 creatures vanquished.

Notes
Turn   | Place    | Note
-------+----------+-------------------------------------------
     0 | D:1      | sanboga the Gargoyle Fighter began the quest for the Orb.
     0 | D:1      | Reached XP level 1. HP: 14/14 MP: 1/1
   195 | D:1      | Reached XP level 2. HP: 19/19 MP: 2/2
   786 | D:1      | Found a faded altar of an unknown god.
  1069 | D:1      | Reached XP level 3. HP: 23/23 MP: 3/3
  1409 | D:2      | Found a bloodstained altar of Trog.
  1425 | D:2      | Became a worshipper of Trog the Wrathful
  1636 | D:2      | Reached XP level 4. HP: 29/29 MP: 4/4
  2562 | D:3      | Reached * piety under Trog
  2566 | D:3      | Reached XP level 5. HP: 33/33 MP: 5/5
  2595 | D:3      | Slain by a gnoll

Illustrated notes

Levels and vault maps discovered:
D:1:      minmay_arrival_up_and_down, layout_rooms,
          hellmonk_ecumenical_altar_heavens_door, feat_on_display
D:2:      layout_basic, basic_altar
D:3:      layout_rooms

Skill      XL: |  1  2  3  4 |
---------------+-------------+-----
Axes           | 2 |  2.8
Fighting       | 4 |  4.2
Shields        | 4 |  4.1
Armour         | 4 |  4.1

Action                   |  1- 3 |  4- 6 || total
-------------------------+-------+-------++-------
Melee: War axe           |   100 |    76 ||   176
Armor: Scale mail        |    53 |    56 ||   109
Dodge: Dodged            |    54 |    61 ||   115
Block: Buckler           |    19 |    24 ||    43
